 Dungeon Crawl Stone Soup version 0.17-a0-1655-g88a8506 (webtiles) character file.

50 Neuromancien059 the Skirmisher (level 3, -8/29 HPs)
             Began as a Demonspawn Abyssal Knight on Aug 15, 2015.
             Was a Follower of Ashenzari.
             Mangled by Duvessa
             ... wielding a +0 short sword
              (11 damage)
             ... on level 5 of the Dungeon.
             The game lasted 00:16:05 (822 turns).

Neuromancien059 the Skirmisher (DsAK)                Turns: 822, Time: 00:16:06

Health: -8/29      AC:  3    Str: 13    XL:     3   Next: 55%
Magic:  0/5        EV: 11    Int: 13    God:    Ashenzari [*.....]
Gold:   49         SH:  0    Dex: 12    Spells: 0 memorised, 2 levels left

rFire  . . .     SeeInvis .     a - +1 hand axe
rCold  . . .     Clarity  .     p - +0 leather armour
rNeg   . . .     SustAt   .     (no shield)
rPois  .         Gourm    .     (helmet restricted)
rElec  .         Spirit   +     (no cloak)
rCorr  .         Warding  .     (no gloves)
rMut   .         Stasis   .     (no boots)
MR     .....                    (no amulet)
Stlth  +.........               (no ring)
                                (no ring)

@: not resistant to hostile enchantments, very unstealthy
A: horns 1, magic shield
a: Scrying, Renounce Religion


You were on level 5 of the Dungeon.
You worshipped Ashenzari.
Ashenzari was aware of your devotion.
You were not hungry.

You visited 1 branch of the dungeon, and saw 4 of its levels.
You visited the Abyss 1 time.

You collected 49 gold pieces.

Inventory:

Hand weapons
 a - a +1 hand axe (weapon)
 d - a +0 dagger
 e - a +0 spear
 h - a +0 dagger of electrocution
 i - a +0 short sword
Missiles
 j - 38 arrows
 m - 8 tomahawks of dispersal (quivered)
 t - 20 bolts
Armour
 b - a +0 leather armour
 p - a +0 leather armour (worn)
Jewellery
 k - an uncursed ring of ice
Scrolls
 l - a scroll of magic mapping {unknown}
 n - a scroll of remove curse
 o - a scroll of enchant weapon {unknown}
 r - a scroll of fog {unknown}
Potions
 q - a potion of beneficial mutation {unknown}
 s - a potion of berserk rage {unknown}
Comestibles
 c - 4 bread rations
 f - a chunk of flesh
 g - a beef jerky
 u - a meat ration


   Skills:
 + Level 3.6 Fighting
 + Level 2.2 Axes
 + Level 2.2 Armour
 + Level 1.2 Dodging
   Level 2.7 Invocations


You had 2 spell levels left.
You didn't know any spells.

Dungeon Overview and Level Annotations

Branches:
Dungeon (5/15)
 Temple: D:4-7

Altars:
Ashenzari

Annotations:
D:5 Duvessa


Innate Abilities, Weirdness & Mutations

You have a pair of small horns on your head.
When hurt, damage is shared between your health and your magic reserves.


Message History

Duvessa is lightly wounded.
Duvessa barely misses you.
You barely miss Duvessa.
Duvessa is lightly wounded.
Duvessa hits you with a short sword!
You barely miss Duvessa.
Duvessa is lightly wounded.
Duvessa hits you with a short sword.
* * * LOW HITPOINT WARNING * * *
You hit Duvessa.
Duvessa is lightly wounded.
Duvessa hits you with a short sword.
* * * LOW HITPOINT WARNING * * *
You slash Duvessa!
Duvessa is moderately wounded.
Duvessa barely misses you. Duvessa closely misses you.
You slash Duvessa!
Duvessa is heavily wounded.
Duvessa hits you with a short sword!
You die...

.......(..##
#.#####....#
###..# #..# #..#
#..# #..#
#########".#####
#..>.e@........#
#.#######..###.#
#..# #!.# #..#
#..# #..# ..#


You could see Duvessa.

Vanquished Creatures
  Jessica (D:2)
  A worm (D:2)
  A ball python (D:2)
  3 bats
  3 hobgoblins
  4 kobolds
  A giant cockroach (D:1)
  2 giant newts (D:2)
  5 goblins
  3 rats
  A plant (D:1)
25 creatures vanquished.

Notes
Turn   | Place    | Note
--------------------------------------------------------------
     0 | Abyss:1  | Neuromancien059 the Demonspawn Abyssal Knight began the quest for the Orb.
     0 | Abyss:1  | Reached XP level 1. HP: 18/18 MP: 2/2
    11 | D:1      | Escaped the Abyss
   220 | D:1      | Gained mutation: When hurt, damage is shared between your health and your magic reserves. [demonic ancestry]
   220 | D:1      | Reached XP level 2. HP: 14/24 MP: 3/3
   389 | D:2      | Found a faded altar to an unknown god.
   484 | D:2      | Fell from the grace of Lugonu
   484 | D:2      | Became a worshipper of Ashenzari the Shackled
   484 | D:2      | Acquired Ashenzari's first power
   604 | D:2      | Reached skill level 1 in Dodging
   641 | D:2      | Noticed Jessica
   647 | D:2      | Killed Jessica
   647 | D:2      | Gained mutation: You have a pair of small horns on your head. [demonic ancestry]
   647 | D:2      | Reached XP level 3. HP: 13/29 MP: 2/5
   685 | D:2      | You fall through a shaft!
   759 | D:5      | Entered Level 5 of the Dungeon
   809 | D:5      | Noticed Duvessa
   822 | D:5      | Mangled by Duvessa

Vault maps used:
D:1:      evilmike_arrival_home_sweet_home, serial_forest,
          infiniplex_forest_end_1, infiniplex_forest_clump_medium,
          infiniplex_forest_clump_long, infiniplex_forest_straight_2,
          infiniplex_forest_clump_medium, infiniplex_forest_clump_C,
          infiniplex_forest_straight_2, infiniplex_forest_straight_1
D:2:      ecumenical_altar_2, first_bread, uniq_jessica
D:4:      tgw_xom
D:5:      dk_yredelemnul_ordeal, uniq_edmund, uniq_pikel, uniq_duvessa

Action                   || total
-------------------------++-------
Melee: Hand axe          ||   111
       Dagger            ||    11
